 Dungeon Crawl Stone Soup version 0.21.1-1-g345015f (webtiles) character file.

38844 Fang the Severer (level 14, -1/81 HPs)
             Began as a Gargoyle Berserker on May 31, 2018.
             Was the Champion of Trog.
             Killed from afar by an oklob plant (9 damage)
             ... with a splash of acid
             ... on level 5 of the Lair of Beasts.
             The game lasted 00:23:42 (17454 turns).

Fang the Severer (Gargoyle Berserker)              Turns: 17454, Time: 00:23:43

Health: -1/81      AC: 19    Str: 25    XL:     14   Next: 3%
Magic:  14/14      EV: 16    Int:  9    God:    Trog [******]
Gold:   930        SH:  0    Dex: 12    Spells: 13/13 levels left

rFire    . . .     SeeInvis +   b - +5 battleaxe "Beastbane" {drain, rC+}
rCold    + . .     Gourm    .   (shield currently unavailable)
rNeg     + . .     Faith    +   m - +3 leather armour
rPois    ∞         Spirit   .   h - +2 helmet {SInv}
rElec    +         Reflect  .   (no cloak)
rCorr    .         Harm     .   (no gloves)
MR       +....                  (no boots)
Stlth    +++.......             s - amulet of faith
HPRegen  0.23/turn              f - +3 ring of dexterity
MPRegen  0.14/turn              (no ring)

@: no status effects
A: big wings, deformed body, frail 1, negative energy resistance 1, screaming 1,
electricity resistance, unbreathing, petrification resistance, rot immunity,
sturdy frame 1, AC +10
a: Fly, Berserk, Trog's Hand, Brothers in Arms, Burn Spellbooks, Renounce
Religion


You were on level 5 of the Lair of Beasts.
You worshipped Trog.
Trog was exalted by your worship.
You were hungry.

You visited 3 branches of the dungeon, and saw 16 of its levels.

You collected 930 gold pieces.

Inventory:

Hand Weapons
 a - a +0 hand axe of freezing
 b - the +5 battleaxe "Beastbane" (weapon) {drain, rC+}
   (You acquired it on level 3 of the Lair of Beasts)

   A truly terrible weapon, it drains the life of those it strikes.
   It protects you from cold.
 C - a +3 broad axe of flaming
 G - a +2 battleaxe of electrocution
 L - a +4 executioner's axe of chopping
 M - a +4 antimagic battleaxe
Armour
 h - a +2 helmet of see invisible (worn)
 m - a +3 leather armour (worn)
Jewellery
 f - a +3 ring of dexterity (left hand)
 p - an uncursed amulet of regeneration
 s - an amulet of faith (around neck)
Wands
 j - a wand of digging (10)
 n - a wand of random effects (44)
 r - a wand of flame (27)
 u - a wand of clouds (16)
 w - a wand of paralysis (8)
 y - a wand of enslavement (29)
 F - a wand of disintegration (9)
 K - a wand of iceblast (9)
Scrolls
 d - 10 scrolls of teleportation
 q - 4 scrolls of identify
 v - 5 scrolls of remove curse
 B - 2 scrolls of fog
 D - a scroll of blinking
 H - 3 scrolls of magic mapping
 O - a scroll of fear
Potions
 e - 4 potions of brilliance
 g - 6 potions of agility
 i - 4 potions of lignification
 k - 4 potions of haste
 l - a potion of berserk rage
 o - 4 potions of flight
 t - 2 potions of cancellation
 z - 3 potions of curing
 E - 4 potions of might
 J - a potion of heal wounds
Books
 x - a book of Misfortune

   Spells                             Type                      Level
   a - Confusing Touch                Hexes                        1
   b - Confuse                        Hexes                        3
   c - Gell's Gravitas                Translocation                3
   d - Petrify                        Transmutation/Earth          4
   e - Metabolic Englaciation         Hexes/Ice                    5
   f - Yara's Violent Unravelling     Hexes/Transmutation          5
   Trog disapproves of the use of such an item.
 A - a book of Air

   Spells                             Type                      Level
   a - Shock                          Conjuration/Air              1
   b - Swiftness                      Charms/Air                   2
   c - Static Discharge               Conjuration/Air              3
   d - Airstrike                      Air                          4
   e - Lightning Bolt                 Conjuration/Air              5
   Trog disapproves of the use of such an item.
 I - a Young Poisoner's Handbook

   Spells                             Type                      Level
   a - Sting                          Conjuration/Poison           1
   b - Poisonous Vapours              Poison/Air                   2
   c - Mephitic Cloud                 Conjuration/Poison/Air       3
   d - Olgreb's Toxic Radiance        Poison                       4
   e - Venom Bolt                     Conjuration/Poison           5
   Trog disapproves of the use of such an item.
Comestibles
 c - 32 rations


   Skills:
 + Level 11.8 Fighting
 + Level 15.7 Axes
 + Level 6.4 Armour
 + Level 7.9 Dodging
 + Level 6.8 Stealth


You had 13 spell levels left.
You didn't know any spells.

Dungeon Overview and Level Annotations

Branches:
Dungeon (10/15)            Temple (1/1) D:4            Lair (5/6) D:10
  Swamp (0/4) Lair:4        Snake (0/4) Lair:2          Orc (0/2) D:9
  Slime: Lair:5-6

Altars:
Ashenzari
Cheibriados
Dithmenos
Elyvilon
Fedhas
Gozag
Hepliaklqana
Kikubaaqudgha
Makhleb
Nemelex Xobeh
Okawaru
Qazlal
Ru
Sif Muna
Trog
Uskayaw
Vehumet
Wu Jian
Xom
Yredelemnul
Zin
The Shining One

Shops:
D:6 *   D:7 :   D:10 !

Annotations:
D:6 exclusion: oklob plant
Lair:5 exclusion: 4 oklob plants


Innate Abilities, Weirdness & Mutations

You are resistant to torment.
Your stone body is resilient. (AC +10)
You are immune to poison.
Your large and strong wings let you fly indefinitely.
You resist negative energy. (rN+)
You are resistant to electric shocks. (rElec)
You can survive without breathing.
You are immune to petrification.
You are immune to rotting.
Armour fits poorly on your strangely shaped body.
You are frail. (-10% HP)
You occasionally shout uncontrollably at your foes.
Your movements are slightly less encumbered by armour. (ER -2)


Message History

The yak is severely wounded.
The yak gores you but does no damage.
Unknown command.
You slice the yak!!
You kill the yak!
Trog accepts your kill. The oklob plant spits acid at you.
The splash of acid hits you!
You are splashed with acid!
The acid burns!
You slice the plant!!
The plant is severely damaged.
You hit the oklob plant but do no damage.
You are feeling hungry.
The oklob plant spits acid at you. The splash of acid hits you!
* * * LOW HITPOINT WARNING * * *
You are splashed with acid!
The acid burns!
* * * LOW HITPOINT WARNING * * *
The oklob plant spits acid at you. The splash of acid hits you!
You die...

#....# #....# #....
####### #...### .
#####..##.#####....##
..##P........##.#.......
........†...............
#P.....†................
##P.PP@#...............
#....P#...............
#...$[#...............
#$.$P(#...............
#..[%.#...........(...
#[PP$.#...............
#######...............
#.##....P###.#..
##.#P##.P# ####.


You could see 4 oklob plants.

Vanquished Creatures
  2 hydras
  A two-headed ogre (D:10)
  6 death yaks
  3 skeletal warriors (D:10)
  The ghost of dickjizzum the Cudgeler, a novice GrFE of Elyvilon (D:8)
  A black mamba (Lair:2)
  6 elephants (Lair:5)
  Psyche (D:8)
  A torpor snail (Lair:5)
  11 spiny frogs
  2 rime drakes
  3 komodo dragons
  2 ice devils (Lair:2)
  A hornet (D:8)
  4 blink frogs (Lair:4)
  Prince Ribbit (D:7)
  20 dream sheep
  2 hippogriffs
  A wyvern (Lair:3)
  56 yaks
  A spriggan (D:9)
  A basilisk (Lair:2)
  Menkaure (D:5)
  Edmund (D:5)
  2 nagas (Lair:2)
  8 water moccasins
  25 porcupines
  A black bear (D:10)
  5 orc warriors
  A necrophage (D:8)
  3 phantoms
  3 sky beasts
  An ogre (D:10)
  4 centaurs
  13 wolves
  8 crocodiles
  13 bullfrogs
  A water moccasin zombie (D:8)
  4 scorpions
  3 killer bees (D:9)
  2 electric eels (Lair:3)
  2 howler monkeys (D:8)
  A crimson imp (D:7)
  A quasit (D:6)
  8 orc priests
  4 jellies
  5 hounds
  A bullfrog skeleton (D:9)
  6 orc wizards
  Ijyb (D:5)
  2 centaur skeletons
  An iguana (D:8)
  4 hell rats
  7 worker ants
  A hound zombie (D:9)
  2 worker ant zombies
  Robin (D:3)
  7 adders
  5 shadow imps
  An ooze (D:1)
  A worm (D:2)
  A dart slug (D:1)
  4 leopard geckos
  45 orcs
  A ball python (D:3)
  8 bats
  6 giant cockroaches
  11 goblins
  6 hobgoblins
  4 jackals
  10 quokkas
  A frilled lizard (D:2)
  9 kobolds
  A leopard gecko zombie (D:6)
  7 rats
  A butterfly (Lair:4)
  4 fungi
  2 plants
408 creatures vanquished.

Vanquished Creatures (others)
  24 fungi
  16 plants
40 creatures vanquished.

Grand Total: 448 creatures vanquished

Notes
Turn   | Place    | Note
-------+----------+-------------------------------------------
     0 | D:1      | Fang the Gargoyle Berserker began the quest for the Orb.
     0 | D:1      | Reached XP level 1. HP: 14/14 MP: 1/1
   143 | D:1      | Reached XP level 2. HP: 10/19 MP: 2/2
   418 | D:1      | Reached skill level 3 in Axes
   874 | D:2      | Reached XP level 3. HP: 21/23 MP: 3/3
  1034 | D:2      | Found a faded altar of an unknown god.
  1542 | D:2      | Reached ** piety under Trog
  1904 | D:3      | Reached XP level 4. HP: 29/29 MP: 4/4
  1912 | D:3      | Reached XP level 5. HP: 30/33 MP: 5/5
  1924 | D:3      | Reached skill level 4 in Axes
  2063 | D:3      | Found a white marble altar of Elyvilon.
  2067 | D:3      | Found a sacrificial altar of Ru.
  2162 | D:3      | Noticed Robin
  2174 | D:3      | Killed Robin
  2374 | D:3      | Reached skill level 1 in Stealth
  2581 | D:3      | Reached XP level 6. HP: 31/38 MP: 6/6
  2866 | D:4      | Found a glowing golden altar of the Shining One.
  2982 | D:4      | Found a staircase to the Ecumenical Temple.
  3151 | D:4      | Reached *** piety under Trog
  3154 | D:4      | Found a sparkling altar of Nemelex Xobeh.
  3156 | D:4      | Found a shadowy altar of Dithmenos.
  3370 | D:5      | Entered Level 5 of the Dungeon
  3408 | Temple   | Entered the Ecumenical Temple
  3498 | D:5      | Noticed Edmund
  3564 | D:5      | Killed Edmund
  3564 | D:5      | Reached skill level 5 in Axes
  3872 | D:5      | Noticed Menkaure
  3886 | D:5      | Killed Menkaure
  3886 | D:5      | Reached XP level 7. HP: 42/44 MP: 7/7
  4283 | D:5      | Found a blossoming altar of Fedhas.
  4306 | D:5      | Reached skill level 6 in Axes
  4319 | D:5      | Reached XP level 8. HP: 34/48 MP: 8/8
  4491 | D:5      | Noticed Ijyb
  4511 | D:5      | Killed Ijyb
  4849 | D:6      | Found Otoroklo's Assorted Antiques.
  4935 | D:6      | Reached skill level 5 in Fighting
  5009 | D:6      | Found a deep blue altar of Sif Muna.
  5009 | D:6      | Noticed an oklob plant
  5191 | D:6      | Reached skill level 7 in Axes
  5575 | D:6      | Reached **** piety under Trog
  5638 | D:6      | Reached XP level 9. HP: 54/54 MP: 9/9
  5896 | D:7      | Reached skill level 8 in Axes
  5912 | D:7      | Noticed Prince Ribbit
  5925 | D:7      | Killed Prince Ribbit
  6694 | D:7      | Found Kaofral's Book Shop.
  6946 | D:8      | Reached skill level 5 in Dodging
  6968 | D:8      | Reached skill level 9 in Axes
  7268 | D:8      | Noticed dickjizzum's ghost (novice GrFE)
  7288 | D:8      | Killed dickjizzum's ghost
  7341 | D:8      | Reached XP level 10. HP: 59/61 MP: 10/10
  7421 | D:8      | Reached ***** piety under Trog
  7550 | D:8      | Noticed Psyche
  7583 | D:8      | Killed Psyche
  7626 | D:8      | Found a stormy altar of Qazlal.
  7731 | D:8      | Reached skill level 10 in Axes
  8458 | D:9      | Found a staircase to the Orcish Mines.
  8845 | D:10     | Entered Level 10 of the Dungeon
  8865 | D:10     | Found a staircase to the Lair.
  8865 | D:10     | Noticed a death yak
  8866 | D:10     | Noticed a death yak
  8866 | D:10     | Noticed a death yak
  8895 | D:9      | Killed a death yak
  8895 | D:9      | Reached skill level 5 in Armour
  9204 | D:9      | Killed a death yak
  9204 | D:9      | Received a gift from Trog
  9323 | D:9      | Killed a death yak
  9323 | D:9      | Reached skill level 11 in Axes
  9323 | D:9      | Reached XP level 11. HP: 63/68 MP: 11/11
  9456 | D:10     | Reached skill level 5 in Stealth
 10183 | D:10     | Found Nitsiw's Distillery.
 10183 | D:10     | Noticed a two-headed ogre
 10201 | D:10     | Killed a two-headed ogre
 10492 | D:10     | Noticed a skeletal warrior
 10493 | D:10     | Noticed a skeletal warrior
 10494 | D:10     | Noticed a skeletal warrior
 10501 | D:10     | Reached skill level 12 in Axes
 10503 | D:10     | Killed a skeletal warrior
 10507 | D:10     | Killed a skeletal warrior
 10513 | D:10     | Killed a skeletal warrior
 10777 | Lair:1   | Entered Level 1 of the Lair of Beasts
 11179 | Lair:1   | Gained mutation: Your spells are a little harder to cast, but a little more powerful. [potion of mutation]
 11179 | Lair:1   | Lost mutation: Your spells are a little harder to cast, but a little more powerful. [potion of mutation]
 11179 | Lair:1   | Gained mutation: You are dopey. (Int -2) [potion of mutation]
 11179 | Lair:1   | Lost mutation: You are dopey. (Int -2) [potion of mutation]
 11617 | Lair:1   | Reached XP level 12. HP: 57/76 MP: 12/12
 11665 | Lair:1   | Gained mutation: Scrolls take you a little longer to read. [potion of mutation]
 11665 | Lair:1   | Gained mutation: Armour fits poorly on your strangely shaped body. [potion of mutation]
 11665 | Lair:1   | Gained mutation: Potions are less effective at restoring your health. [potion of mutation]
 11665 | Lair:1   | Gained mutation: Your muscles are strong. (Str +2) [potion of mutation]
 11810 | Lair:1   | Reached skill level 13 in Axes
 12630 | Lair:2   | Received a gift from Trog
 12828 | Lair:2   | Identified a scroll of acquirement
 13008 | Lair:2   | Found a staircase to the Snake Pit.
 13506 | Lair:3   | Reached skill level 10 in Fighting
 14017 | Lair:2   | Noticed a six-headed hydra
 14049 | Lair:2   | Killed a nine-headed hydra
 14049 | Lair:2   | Reached skill level 14 in Axes
 14418 | Lair:3   | Reached XP level 13. HP: 66/83 MP: 13/13
 14894 | Lair:3   | Reached ****** piety under Trog
 15169 | Lair:3   | Lost mutation: Scrolls take you a little longer to read. [potion of mutation]
 15169 | Lair:3   | Lost mutation: Potions are less effective at restoring your health. [potion of mutation]
 15169 | Lair:3   | Gained mutation: You are frail. (-10% HP) [potion of mutation]
 15169 | Lair:3   | Lost mutation: Your muscles are strong. (Str +2) [potion of mutation]
 15169 | Lair:3   | Gained mutation: You occasionally shout uncontrollably at your foes. [potion of mutation]
 15169 | Lair:3   | Gained mutation: Your movements are slightly less encumbered by armour. (ER -2) [potion of mutation]
 15180 | Lair:3   | Got a dazzling battleaxe
 15182 | Lair:3   | Identified the +5 battleaxe "Beastbane" {drain, rC+} (You acquired it on level 3 of the Lair of Beasts)
 15556 | Lair:4   | Found a staircase to the Swamp.
 16006 | Lair:4   | Reached skill level 15 in Axes
 16320 | Lair:4   | Received a gift from Trog
 17445 | Lair:5   | Gained mutation: Your large and strong wings let you fly indefinitely. [Gargoyle growth]
 17445 | Lair:5   | Reached XP level 14. HP: 73/81 MP: 14/14
 17454 | Lair:5   | Killed from afar by an oklob plant

Skill      XL: |  1  2  3  4  5  6  7  8  9 10 11 12 13 |
---------------+----------------------------------------+-----
Axes           | 3 4 5 6 7 9 11 12 14 15 | 15.7
Dodging        | 2 3 4 5 6 7 |  7.9
Fighting       | 4 5 6 7 9 10 11 | 11.8
Stealth        | 1 2 3 4 5 6 |  6.8
Armour         | 3 4 5 6 |  6.4

Action                   |  1- 3 |  4- 6 |  7- 9 | 10-12 | 13-15 || total
-------------------------+-------+-------+-------+-------+-------++-------
Melee: Hand axe          |   119 |   221 |   399 |   170 |       ||   909
       Broad axe         |       |       |       |   243 |       ||   243
       Battleaxe         |       |       |       |    82 |   162 ||   244
       Executioner's axe |       |       |       |     6 |    39 ||    45
Invok: Berserk           |       |     4 |     6 |    15 |     5 ||    30
       Burn Spellbooks   |       |       |       |     1 |       ||     1
  Use: Scroll            |       |       |    16 |     9 |     5 ||    30
       Potion            |       |       |       |     7 |     1 ||     8
 Stab: Sleeping          |       |     4 |     2 |    10 |       ||    16
       Invisible         |       |       |       |     1 |       ||     1
       Distracted        |       |       |       |       |     1 ||     1
  Eat: Chunk             |     2 |     4 |    16 |    25 |    10 ||    57
       Ration            |       |     2 |     1 |     3 |     1 ||     7
Armor: Animal skin       |    59 |       |       |       |       ||    59
       Leather armour    |       |   100 |   156 |   215 |    94 ||   565
Dodge: Dodged            |    89 |   127 |   238 |   371 |   188 ||  1013
